← All builds
Suicide front / Legion / Quick factory / OBSERVED BUILD

Standard suicide front

Quick Bot Lab into Vehicle Plant to project force at middle early with Ballista, Satyr, Decurion and Lance, transitioning into Barrage artillery and an Advanced Metal Extractor as the game develops.

#rush #raid · 26 distinct matches · 14 players · 79% of Legion Suicide front games · team won 50% of 26 · Recently observed

HOW TO PLAY IT

Key timing: Legion Vehicle Plant by 1:01

  1. Take a single mex and rush the bot lab immediately.
  2. Finish the bot lab fast to start early Decurion or Ballista pushes.
  3. Get the vehicle plant up to widen unit options for the front.
  4. Contest the middle early and expect combat losses right away.
  5. Pick up T2 constructor once middle is stabilized to prep for T2 arrivals.

Phase by phase

TYPICAL OF ITS 26 GAMES
  1. 1
  2. 2
  3. 3
PLAY THE OPENING

Follow the example game's first 6:00 step by step: what to build now, what comes next, and where it goes. At 1× it keeps pace with your own game.

  1. 1

    Up to the Legion Bot Lab

    Economy
    • Metal Extractor1Mex
    Order
    1. Legion Bot LabLegion Bot Lab after 2 mexdone ~0:34, middle half 0:20–0:35

    By 0:17 in all: 1 mex

    The example game in this phase · 2 steps
    1. Mex ×3
    2. Legion Bot LabLegion Bot Labdone 0:44 · typical 0:34
  2. 2

    Legion Bot Lab to 5:00

    Economy
    • Metal Extractor5Mex
    • Wind Turbine7Wind
    Builders
    • Construction Turret1 Con turret
    • Legion Construction Bot3 Legion Construction Bot
    • Zagreus2 Zagreus
    Army
    • Pharos4 Pharos
    Other
    • Radar Tower1 Radar Tower

    Some games also: Ballista (42%) · Goblin (38%) · Satyr (38%) · Legion Construction Vehicle (35%) · Barrage (31%)

    By 5:00 in all: 6 mex · 8 wind · 1 con turret

    The example game in this phase · 36 steps
    1. GoblinGoblin ×2
    2. ZagreusZagreus ×2
    3. Legion Construction BotLegion Construction Bot
    4. PhobosPhobos
    5. Wind
    6. PhobosPhobos
    7. Legion Construction BotLegion Construction Bot ×2
    8. BallistaBallista ×2
    9. PharosPharos
    10. Mex
    11. BallistaBallista
    12. Radar TowerRadar Tower
    13. Legion Construction BotLegion Construction Bot
    14. Mex
    15. GoblinGoblin
    16. BallistaBallista
    17. PharosPharos
    18. ZagreusZagreus
    19. BallistaBallista
    20. Wind
    21. BallistaBallista
    22. HiveHive
    23. BallistaBallista
    24. Wind
    25. BallistaBallista
    26. ZagreusZagreus
    27. BallistaBallista
    28. Wind
    29. BallistaBallista
    30. ThugThug
    31. BallistaBallista
    32. Wind
    33. BallistaBallista
    34. ZagreusZagreus
    35. Wind
    36. BallistaBallista
  3. 3

    5:00 to 10:00

    Economy
    • Metal Extractor2Mex
    • Wind Turbine17Wind
    • Energy Storage1Energy storage
    Builders
    • Construction Turret3 Con turret

    Some games also: Zagreus (46%) · Radar Tower (42%) · converter (38%) · Ballista (38%) · Pharos (35%)

    By 10:00 in all: 8 mex · 25 wind · 1 energy storage · 4 con turret

    The example game in this phase · 180 steps
    1. Con turret
    2. Legion DroneLegion Drone ×3
    3. BallistaBallista
    4. Legion DroneLegion Drone
    5. Wind ×2
    6. Legion DroneLegion Drone
    7. Wind
    8. BallistaBallista
    9. Legion DroneLegion Drone
    10. Wind
    11. ThugThug
    12. Wind
    13. Legion DroneLegion Drone
    14. BallistaBallista
    15. BarrageBarrage
    16. ZagreusZagreus
    17. Wind
    18. BallistaBallista ×2
    19. Con turret
    20. Energy storage
    21. Wind
    22. BallistaBallista
    23. Metal storage
    24. BallistaBallista
    25. Wind
    26. ZagreusZagreus
    27. Advanced Metal ExtractorT2 mexdone 8:05 · typical 8:45
    28. BallistaBallista
    29. NyxNyx
    30. ZagreusZagreus
    31. BallistaBallista
    32. Wind
    33. KarkinosKarkinos
    34. Legion Construction BotLegion Construction Bot
    35. Wind
    36. Legion Construction BotLegion Construction Bot
    37. Advanced Metal ExtractorT2 mex
    38. Legion Construction BotLegion Construction Bot
    39. Wind
    40. Legion Construction BotLegion Construction Bot
    41. KarkinosKarkinos
    42. Wind ×2
    43. Con turret
    44. KarkinosKarkinos
    45. Advanced Metal ExtractorT2 mex
    46. Wind ×2
    47. Converter
    48. ToxotaiToxotai
    49. Wind ×2
    50. ZagreusZagreus
    51. Advanced Metal ExtractorT2 mex
    52. Con turret
    53. Wind
    54. Converter
    55. KarkinosKarkinos
    56. Wind ×2
    57. Converter
    58. KarkinosKarkinos
    59. Wind ×2
    60. Converter
    61. ToxotaiToxotai
    62. Wind
    63. Converter
    64. Wind ×2
    65. Legion Vehicle PlantLegion Vehicle Plantdone 10:21 · typical 1:01
    66. Wind
    67. Converter
    68. Wind ×2
    69. Legion Construction VehicleLegion Construction Vehicle
    70. Converter
    71. Wind ×2
    72. Con turret ×3
    73. Advanced Vehicle PlantAdvanced Vehicle Plantdone 11:10
    74. Advanced Metal ExtractorT2 mex
    75. Wind
    76. Con turret
    77. Wind
    78. Converter
    79. Wind
    80. ZagreusZagreus
    81. Wind
    82. ZagreusZagreus
    83. Advanced Construction VehicleT2 con vehicle
    84. Converter
    85. Wind ×2
    86. ZagreusZagreus
    87. Converter
    88. Wind
    89. Converter
    90. ZagreusZagreus
    91. PhemeMobile radar
    92. Converter
    93. ZagreusZagreus
    94. Wind
    95. Converter
    96. Wind
    97. ZagreusZagreus
    98. Fusion ReactorFusiondone 13:01
    99. CiceroRadar jammer
    100. Wind
    101. Converter
    102. Wind
    103. Converter
    104. Wind
    105. HeraAnti-nukedone 13:15
    106. Con turret
    107. Converter
    108. Wind
    109. ZagreusZagreus
    110. Wind
    111. Converter
    112. ZagreusZagreus
    113. Wind ×2
    114. Converter
    115. Wind
    116. ZagreusZagreus
    117. Dragon's TeethDragon's Teeth ×2
    118. Converter
    119. Wind
    120. Dragon's TeethDragon's Teeth ×4
    121. Wind
    122. Dragon's TeethDragon's Teeth ×5
    123. Converter
    124. Wind
    125. Dragon's TeethDragon's Teeth ×4
    126. Wind ×2
    127. MantisTransportdone 13:23
    128. Converter
    129. Wind
    130. Legion DroneLegion Drone ×2
    131. MantisTransport
    132. Legion DroneLegion Drone
    133. Wind
    134. Converter
    135. Advanced Metal FortifierAdvanced Metal Fortifierdone 13:49
    136. Legion DroneLegion Drone
    137. Wind
    138. Legion DroneLegion Drone ×2
    139. MantisTransport
    140. Legion DroneLegion Drone
    141. Converter
    142. Wind
    143. Legion DroneLegion Drone
    144. Wind
    145. Legion DroneLegion Drone ×3
    146. CharonFlakdone 13:56
    147. Legion DroneLegion Drone
    148. Advanced Metal FortifierAdvanced Metal Fortifierdone 13:49
    149. Advanced Metal Fortifier
    150. Converter
    151. Legion DroneLegion Drone
    152. Wind
    153. Legion DroneLegion Drone
    154. Wind
    155. Fusion ReactorFusion
    156. Legion DroneLegion Drone
    157. PhemeMobile radar
    158. CiceroRadar jammer
    159. MantisTransport
    160. Legion DroneLegion Drone
    161. Wind
    162. Legion DroneLegion Drone
    163. Wind ×2
    164. Legion DroneLegion Drone ×3
    165. MantisTransport
    166. Legion DroneLegion Drone ×2
    167. Wind ×2
    168. Legion DroneLegion Drone
    169. Wind
    170. Con turret
    171. Legion DroneLegion Drone ×2
    172. MantisTransport
    173. Legion DroneLegion Drone ×2
    174. Wind ×2
    175. Legion DroneLegion Drone
    176. Wind
    177. Legion DroneLegion Drone ×2
    178. MantisTransport
    179. Legion DroneLegion Drone
    180. Con turret

Counts are medians over the build's games: half of them build more, half fewer. The example game is yubiyubi's (42 OS, 30/08/2026); pick another.

Team trades

IN AT LEAST 30% OF ITS GAMES

You hand over

Nothing regular.

You get

  • Tidal Generator4 Tidal from Pondfirst at 0:11 · in 69% of games
  • Advanced Construction Bot1 T2 con bot from Geo or Techfirst at 7:31 · in 54% of games

How it plays out

Typical game of this build, running totals by minute

Metal produced

010k20k30k
0:005:0010:0015:00

metal

Enemy metal destroyed

05k10k
0:005:0010:0015:00

metal

Own metal lost

05k10k
0:005:0010:0015:00

metal

26 games.

Show as table
ByMetal produced: This buildEnemy metal destroyed: This buildOwn metal lost: This build
1:0024900
2:0087900
3:00204220360
4:003176484320
5:0042971154788
6:00526718041130
7:00619125412201
8:00749140053250
9:00877445374000
10:001049947444506
11:001232249825031
12:001458453036112
13:001742860647159
14:002039474937635
15:002406490817997
WHAT THE NUMBERS SAY

Suicide front trades heavily, destroying more enemy metal early than any other role shown but also losing the most, reflecting its all-in nature.

  • + Enemy metal destroyed hits 1253 by 5:00, far ahead of other roles at that mark.
  • + Metal produced by 5:00 reaches 4185, among the highest early figures.
  • − Own metal lost reaches 5320 by 10:00, the heaviest losses of any build shown.
  • − Team win rate is only 48%, despite the aggressive early trades.
THE EXAMPLE YOU ARE READING

yubiyubi

41.8 OS · 30/08/2026

Open source match ↗

6 received units · includes a constructor
1392 metal received · 72661 energy received

Allied construction assistance is unknown. Timings are observations, not a promise of solo reproducibility.

Typical milestones

Legion Bot Lab0:34Middle 50%: 0:20–0:35 · n=17
Legion Vehicle Plant1:01Middle 50%: 0:36–6:33 · n=16
Advanced Metal Extractor8:45Middle 50%: 8:17–9:33 · n=13

Played most by

_X_8games of this build[crd]sisa4games of this build[Cookie]Maco2games of this buildyubiyubi2games of this buildBoozha1game of this build